 Dungeon Crawl Stone Soup version 0.17-a0-1534-gf98da79 (webtiles) character file.

3523 Malachi the Shield-Bearer (level 10, -3/52 HPs)
             Began as a Vine Stalker Fighter on July 17, 2015.
             Was an Elder of Makhleb.
             Killed by divine providence
             ... invoked by an orc priest
              (12 damage)
             ... on level 10 of the Dungeon.
             The game lasted 00:12:16 (5729 turns).

Malachi the Shield-Bearer (Vine Stalker Fighter)    Turns: 5729, Time: 00:12:16

Health: -3/52      AC: 15    Str: 21    XL:     10   Next: 8%
Magic:  0/14       EV:  6    Int:  8    God:    Makhleb [****..]
Gold:   325        SH: 11    Dex: 15    Spells: 0 memorised, 9 levels left

rFire  . . .     SeeInvis .     o - +2 broad axe
rCold  . . .     Clarity  .     q - +0 plate armour
rNeg   . . .     SustAt   .     c - +0 shield
rPois  .         Gourm    .     (no helmet)
rElec  .         Spirit   +     b - +2 cloak {MR+}
rCorr  +         Warding  .     (no gloves)
rMut   .         Stasis   .     (no boots)
MR     ++...                    s - amulet of resist corrosion
Stlth  ..........               (no ring)
                                (no ring)

@: very resistant to hostile enchantments, extremely unstealthy
A: fangs 3, regeneration 2, magic shield, antimagic bite, no device heal 3, rot
immunity
a: Minor Destruction, Lesser Servant of Makhleb, Major Destruction, Renounce
Religion


You were on level 10 of the Dungeon.
You worshipped Makhleb.
Makhleb was greatly pleased with you.
You were hungry.

You visited 1 branch of the dungeon, and saw 8 of its levels.

You collected 375 gold pieces.
You spent 50 gold pieces at shops.

Inventory:

Hand weapons
 a - a +1 war axe
 o - a +2 broad axe (weapon)
Missiles
 t - 33 bolts
Armour
 b - a +2 cloak of magic resistance (worn)
 c - a +0 shield (worn)
 d - a +0 chain mail
 q - a +0 plate armour (worn)
Jewellery
 s - an amulet of resist corrosion (around neck)
Magical devices
 e - a wand of fire (4)
 g - a wand of disintegration (12)
 v - a wand of lightning (12)
Scrolls
 h - 3 scrolls of identify
 l - 2 scrolls of enchant armour
 p - 6 scrolls of remove curse
Potions
 j - a potion of mutation {unknown}
 k - 4 potions of curing
 m - 2 potions of lignification {unknown}
 u - 2 potions of flight
Books
 i - a book of Alchemy

   Spells                             Type                      Level
   a - Sublimation of Blood           Necromancy                   2
   b - Ignite Poison                  Fire/Transmutation/Poison    3
   c - Alistair's Intoxication        Transmutation/Poison         4
   d - Condensation Shield            Ice                          4
   e - Petrify                        Transmutation/Earth          4
   f - Irradiate                      Conjuration/Transmutation    5
Comestibles
 f - 2 bread rations
 n - 3 royal jellies
 B - a meat ration


   Skills:
 + Level 5.6 Fighting
 + Level 6.4 Axes
 + Level 5.3 Armour
 + Level 3.5 Dodging
 + Level 1.0 Stealth
 + Level 6.7 Shields
 * Level 4.6 Invocations


You had 9 spell levels left.
You didn't know any spells.

Dungeon Overview and Level Annotations

Branches:
Dungeon (10/15)            Temple (0/1) D:7
   Lair: D:8-11         Orc: D:9-12

Altars:
Ashenzari
Dithmenos
Elyvilon
Makhleb
Nemelex Xobeh
Ru
Sif Muna
Trog
Xom
The Shining One

Shops:
D:4 [*[}   D:6 *

Annotations:
D:6 Prince Ribbit


Innate Abilities, Weirdness & Mutations

You have razor-sharp teeth.
You heal very quickly.
When hurt, damage is shared between your health and your magic reserves.
Your bite disrupts and absorbs the magic of your enemies.
Potions and wands cannot restore your health.
You are immune to rotting.


Message History

You slash the orc warrior! Your bite misses the orc warrior.
The orc warrior is severely wounded.
You closely miss something. The orc warrior hits you with a mace!
* * * LOW HITPOINT WARNING * * *
Something hits you but does no damage.
You are too injured to fight recklessly!
Unknown command.
You are too injured to fight recklessly!
Unknown command.
You are too injured to fight recklessly!
Unknown command.
You are too injured to fight recklessly!
The orc priest calls upon Beogh to heal the orc warrior. x2
You see here 10 gold pieces.
The orc priest miscasts a cantrip.
The orc warrior hits you with a mace!
* * * LOW HITPOINT WARNING * * *
The orc priest mumbles some strange prayers to Beogh against you.
Something smites you!
You die...

#.#.# #######.###.#.#
#.#.# #.......#
#.).#############...#
###....).......##..##
#.#########.#.#..#
#.# ####.###...# #.#
#...## ##..#### #.#
#.##.###....... #.# #
##.#@#.##### #.#
##.##.# #. #o##.#
#.##.# #$# .# #h#
......oo# .........
#...##..##


You could see an orc warrior, a hound and 2 orc priests.

Vanquished Creatures
  Grinder (D:5)
  Sigmund (D:3)
  A hippogriff (D:7)
  The ghost of Uberwunderbarhen the Ducker, an average OpFi of Cheibriados (D:4)
  An orc warrior (D:6)
  A phantom (D:7)
  2 ice beasts (D:7)
  An ogre (D:5)
  A centaur (D:6)
  3 big kobolds
  5 giant frogs
  10 killer bees
  2 scorpions
  4 wights (D:7)
  2 hounds
  A jelly (D:10)
  2 giant frog skeletons
  6 crimson imps
  Crazy Yiuf (D:3)
  3 orc priests
  2 centaur skeletons
  2 iguanas
  3 orc wizards (D:4)
  5 worker ants
  11 gnolls
  6 adders
  3 oozes
  6 worms
  24 orcs
  3 bat skeletons
  8 giant cockroaches
  17 hobgoblins
  15 jackals
  27 kobolds
  2 quokkas
  A ball python (D:3)
  14 bats
  5 giant geckos
  A giant gecko skeleton (D:6)
  7 giant newts
  13 goblins
  13 rats
  2 fungi (D:3)
239 creatures vanquished.

Notes
Turn   | Place    | Note
--------------------------------------------------------------
     0 | D:1      | Malachi the Vine Stalker Fighter began the quest for the Orb.
     0 | D:1      | Reached XP level 1. HP: 11/11 MP: 2/2
    96 | D:1      | Reached XP level 2. HP: 16/16 MP: 3/3
   108 | D:1      | Reached skill level 3 in Shields
   305 | D:1      | Reached XP level 3. HP: 19/19 MP: 4/4
   897 | D:2      | Reached XP level 4. HP: 21/24 MP: 3/5
   989 | D:2      | Found a shadowy altar of Dithmenos.
  1004 | D:2      | Reached skill level 1 in Dodging
  1063 | D:2      | Found a shimmering altar of Xom.
  1073 | D:2      | Found a white marble altar of Elyvilon.
  1120 | D:2      | Reached XP level 5. HP: 24/28 MP: 6/6
  1688 | D:3      | Noticed Sigmund
  1691 | D:3      | Found a bloodstained altar of Trog.
  1722 | D:3      | Killed Sigmund
  1722 | D:3      | Reached skill level 4 in Shields
  1722 | D:3      | Gained mutation: You heal very quickly. [Vine Stalker growth]
  1722 | D:3      | Reached XP level 6. HP: 6/32 MP: 7/7
  1828 | D:3      | Reached XP level 7. HP: 31/36 MP: 8/8
  2116 | D:3      | Found a burning altar of Makhleb.
  2348 | D:3      | Noticed Crazy Yiuf
  2358 | D:3      | Paralysed by Crazy Yiuf for 3 turns
  2361 | D:3      | Killed Crazy Yiuf
  2458 | D:4      | Noticed Uberwunderbarhen's ghost (average OpFi)
  2470 | D:4      | Killed Uberwunderbarhen's ghost
  2475 | D:4      | Found Esyrykhu's Armour Shop.
  2619 | D:3      | Became a worshipper of Makhleb the Destroyer
  2641 | D:4      | Found Henuonwo's Gadget Boutique.
  2842 | D:4      | Found a sacrificial altar of Ru.
  2920 | D:4      | Found Yhenli Ihon's Assorted Antiques.
  2923 | D:4      | Bought a scroll labeled KUZ REIRIW VYU for 23 gold pieces
  3229 | D:4      | Found Fapuot's Armour Shoppe.
  3310 | D:5      | Entered Level 5 of the Dungeon
  3314 | D:5      | Gained mutation: You have razor-sharp teeth. [Vine Stalker growth]
  3314 | D:5      | Reached XP level 8. HP: 36/42 MP: 7/9
  3317 | D:5      | Acquired Makhleb's first power
  3372 | D:5      | Reached skill level 5 in Shields
  3457 | D:5      | Noticed Grinder
  3469 | D:5      | Killed Grinder
  3554 | D:5      | Reached skill level 1 in Invocations
  4001 | D:6      | Acquired Makhleb's second power
  4044 | D:6      | Reached skill level 5 in Axes
  4076 | D:6      | Found a sparkling altar of Nemelex Xobeh.
  4197 | D:6      | Noticed Prince Ribbit
  4467 | D:6      | Found Loruamon's Assorted Antiques.
  4470 | D:6      | Bought a scroll labeled SALECI ERECEEM for 27 gold pieces
  4486 | D:6      | Reached XP level 9. HP: 46/46 MP: 11/11
  4787 | D:7      | Found a staircase to the Ecumenical Temple.
  4832 | D:7      | Found a deep blue altar of Sif Muna.
  4836 | D:7      | Found a shattered altar of Ashenzari.
  4841 | D:7      | Found a glowing golden altar of the Shining One.
  4889 | D:7      | Reached skill level 6 in Shields
  4911 | D:7      | Reached skill level 1 in Stealth
  4924 | D:7      | Acquired Makhleb's third power
  4927 | D:7      | Reached skill level 5 in Fighting
  4948 | D:7      | Reached skill level 5 in Armour
  5130 | D:7      | Acquired Makhleb's fourth power
  5444 | D:7      | You fall through a shaft for 3 floors!
  5444 | D:10     | Entered Level 10 of the Dungeon
  5451 | D:10     | Reached XP level 10. HP: 39/51 MP: 14/14
  5729 | D:10     | Killed from afar by an orc priest

Vault maps used:
D:1:      sevenhm_arrival_forest_fort_small_4
D:2:      lemuel_crystal_altar, elyvilon_altar_5,
          grunt_dithmenos_smoke_and_mirrors, first_bread
D:3:      old_standard_altar, bloody_makhleb, roderic_serpentine_path,
          uniq_sigmund, uniq_crazy_yiuf_cottage
D:4:      old_standard_altar, serial_shops, kennysheep_mini_moat, shop,
          nicolae_shop_behind_doors, shop, kennysheep_potato
D:5:      uniq_grinder
D:6:      nemelex_xobeh_ov_fountains_minmay, serial_shops,
          nicolae_shop_behind_doors, minmay_unpleasant_kobolds,
          uniq_prince_ribbit1
D:7:      minmay_overflow_temple_star_quad, minmay_temple_entry_hall,
          minivault_19, st_stairs_3
D:10:     uniq_nergalle

Action                   |  1- 3 |  4- 6 |  7- 9 | 10-12 || total
-------------------------+-------+-------+-------+-------++-------
Melee: War axe           |    83 |   155 |   287 |       ||   525
       Broad axe         |       |       |   133 |    31 ||   164
  Use: Potion            |       |     2 |     5 |       ||     7
       Scroll            |       |       |    14 |       ||    14
  Eat: Bread ration      |       |     4 |       |       ||     4
       Chunk             |       |       |     3 |       ||     3
       Pizza             |       |       |       |     1 ||     1
